 Dungeon Crawl Stone Soup version 0.28-a0-94-g325244837d (webtiles) character file.

Game seed: 9382627078679072049

60 senseless the Ducker (level 3, 0/30 HPs)
             Began as a Demonspawn Gladiator on Aug 7, 2021.
             Was an Initiate of Cheibriados.
             Slain by a quokka (1 damage)
             ... on level 3 of the Dungeon.
             The game lasted 00:04:00 (2136 turns).

senseless the Ducker (Demonspawn Gladiator)         Turns: 2136, Time: 00:04:01

Health: 0/30       AC: 11    Str: 15 (18) XL:     3   Next: 82%
Magic:  3/3        EV:  9    Int: 10      God:    Cheibriados [......]
Gold:   128        SH:  0    Dex: 15      Spells: 2/2 levels left

rFire   . . .      SeeInvis .   h - +3 dagger
rCold   . . .      Faith    .   (no shield)
rNeg    . . .      Spirit   .   k - +0 shadow dragon scales
rPois   .          Reflect  .   c - +0 helmet
rElec   .          Harm     .   (no cloak)
rCorr   .          Rampage  .   (no gloves)
Will    .....                   (no boots)
Stlth   +++.......              (no amulet)
HPRegen 0.10/turn               (no ring)
MPRegen 0.08/turn               (no ring)

@: very slow
A: talons 1, repulsion field 1, robust 1, strong 1, MP-powered wands
a: Renounce Religion, Bend Time


You were on level 3 of the Dungeon.
You worshipped Cheibriados.
Cheibriados was noncommittal.
You visited 1 branch of the dungeon, and saw 3 of its levels.

You collected 128 gold pieces.

Inventory:

Hand Weapons
 a - a +0 flail
 h - a +3 dagger (weapon)
Missiles
 d - 3 throwing nets (quivered)
Armour
 b - a +0 leather armour
 c - a +0 helmet (worn)
 k - +0 shadow dragon scales (worn)
Scrolls
 e - a scroll of noise {unknown}
 g - a scroll of teleportation {unknown}
 m - a scroll of immolation {unknown}
 n - 2 scrolls of magic mapping {unknown}
 p - a scroll of identify {unknown}
Potions
 f - a potion of haste {unknown}
 i - a potion of lignification {unknown}
 j - 2 potions of resistance {unknown}
 l - a potion of flight {unknown}
 o - a potion of brilliance {unknown}


   Skills:
 + Level 2.3 Fighting
 + Level 0.3 Short Blades
 + Level 3.1 Maces & Flails
 + Level 2.0 Throwing
 + Level 1.2 Armour
 + Level 3.1 Dodging
 + Level 0.4 Stealth


You had 2 spell levels left.
You didn't know any spells.
Your spell library contained the following spells:

 Spells                   Type           Power      Damage    Failure   Level
 Gell's Gravitas          Tloc           0%         N/A       100%        3
 Lesser Beckoning         Tloc           0%         N/A       100%        3
 Teleport Other           Tloc           0%         N/A       100%        3


Dungeon Overview and Level Annotations

Branches:
Dungeon (3/15)

Altars:
Cheibriados
Xom


Innate Abilities, Weirdness & Mutations

You have sharp toenails.
You are surrounded by a mild repulsion field. (EV +2)
You are robust. (+10% HP)
Your muscles are strong. (Str +2)
You expend magic power (3 MP) to strengthen your wands.


Message History

Unknown command.
You hit the orc priest.
You claw the orc priest, but do no damage.
The orc priest is lightly wounded.
A nearby plant withers and dies. x2
The orc priest looks braver for a moment.
The quokka bites you but does no damage.
The orc hits you but does no damage.
You completely miss the orc priest. You claw the orc priest.
The orc priest is heavily wounded.
The orc priest closely misses you. The quokka barely misses you.
The orc hits you with a +0 dagger.
You closely miss the orc priest.
The orc priest is heavily wounded.
The quokka bites you but does no damage.
The orc priest invokes the aid of Beogh against you.
Pain shoots through your body!
* * * LOW HITPOINT WARNING * * *
The orc barely misses you.
You are too injured to fight recklessly!
You are too injured to fight recklessly!
The hobgoblin shouts!
You hit the orc priest but do no damage.
Your kick misses the orc priest.
The orc priest is heavily wounded.
The quokka barely misses you. The orc priest barely misses you.
The orc barely misses you. The quokka closely misses you.
Okay, then.
Your shadow dragon scales prevents you from hitting the orc priest.
The orc priest is heavily wounded.
The orc priest hits you but does no damage.
You hear a splashing noise.
The orc barely misses you.
The quokka bites you but does no damage.
You closely miss the orc priest. You claw the orc priest.
The orc priest is severely wounded.
The orc priest hits you with a +0 short sword.
* * * LOW HITPOINT WARNING * * *
The quokka bites you.
You die...

≈≈≈≈..##......#
P≈≈≈........>.#####
≈≈≈≈.≈.....<.......
P≈≈≈≈.........####.
≈≈≈≈P.........#
≈≈≈≈P≈........#
.≈≈≈≈...#######
P≈≈≈P.#r# ≈g≈≈P #@#
.≈≈P≈.oo# .≈≈P≈...#
.≈≈≈....# .h≈≈≈....
≈≈≈≈≈.... ..≈≈P....
P≈≈≈≈.....


You could see an orc priest, an orc, a quokka and a jackal.

Vanquished Creatures
  An adder (D:2)
  2 orcs (D:3)
  8 ball pythons
  2 endoplasms
  2 giant cockroaches (D:1)
  4 goblins
  3 hobgoblins (D:1)
  5 jackals (D:2)
  3 quokkas
  3 bats (D:1)
  3 frilled lizards
  6 kobolds
  2 rats
44 creatures vanquished.

Vanquished Creatures (others)
  2 plants (D:3)
2 creatures vanquished.

Grand Total: 46 creatures vanquished

Notes
Turn   | Place    | Note
-------+----------+-------------------------------------------
     0 | D:1      | senseless the Demonspawn Gladiator began the quest for the
                  | Orb.
     0 | D:1      | Reached XP level 1. HP: 16/16 MP: 1/1
   313 | D:1      | Gained mutation: You have sharp toenails. [demonic
                  | ancestry]
   313 | D:1      | Reached XP level 2. HP: 16/22 MP: 2/2
  1071 | D:2      | Gained mutation: You are surrounded by a mild repulsion
                  | field. (EV +2) [demonic ancestry]
  1071 | D:2      | Reached XP level 3. HP: 27/27 MP: 3/3
  1172 | D:2      | Reached skill level 1 in Armour
  1322 | D:2      | Found a snail-covered altar of Cheibriados.
  1330 | D:2      | Became a worshipper of Cheibriados the Contemplative
  1630 | D:2      | Found a faded altar of an unknown god.
  1638 | D:2      | Fell from the grace of Cheibriados
  1638 | D:2      | Became a worshipper of Xom of Ineffable Intent
  1695 | D:2      | Fell from the grace of Xom
  1695 | D:2      | Became a worshipper of Cheibriados the Contemplative
  1982 | D:2      | XOM: stat loss: -3 Str (13/16)
  2081 | D:2      | XOM: give mutations
  2081 | D:2      | Gained mutation: You are robust. (+10% HP) [Xom's grace]
  2081 | D:2      | Gained mutation: Your muscles are strong. (Str +2) [Xom's
                  | grace]
  2081 | D:2      | Gained mutation: You expend magic power (3 MP) to
                  | strengthen your wands. [Xom's grace]
  2136 | D:3      | HP: 1/30 [orc priest (3)]
  2136 | D:3      | Slain by a quokka

Illustrated notes

Levels and vault maps discovered:
D:1:      minmay_arrival_four_circles, layout_basic
D:2:      layout_basic, basic_altar, shapermc_ecumenical_altar_notcrosses,
          minmay_between
D:3:      layout_rooms, mainiacjoe_overflow_catwalk, chequers_big_river,
          st_stairs_9, uniq_grinder, uniq_sigmund, uniq_ijyb

Skill      XL: |  1  2  3 |
---------------+----------+-----
Throwing       | 2 |  2.0
Dodging        | 3 |  3.1
Maces & Flails | 3 |  3.1
Armour         | 1 |  1.2
Fighting       | |  2.3
Short Blades   | |  0.3
Stealth        | |  0.4

Action                   || total
-------------------------++-------
Melee: Flail             ||    53
       Kick              ||    23
       Dagger            ||    50
 Stab: Sleeping          ||     6
Armor: Leather armour    ||    19
       Shadow dragon sca ||    20
Dodge: Dodged            ||    68

Table legend: (Time is in decaauts)
 A = Elapsed time spent in this place.
 B = Non-inter-level travel time spent in this place.
 C = Inter-level travel time spent in this place.
 D = Time resting spent in this place.
 E = Time spent auto-exploring this place.
 F = Levels seen in this place.
 G = Mean time per level.
                   A        B        C        D        E       F      G
               +--------+--------+--------+--------+--------+-----+--------+
         Total |   2356 |   2261 |     95 |      5 |   1940 |   3 |  785.3 |
       Dungeon |   2356 |   2261 |     95 |      5 |   1940 |   3 |  785.3 |
               +--------+--------+--------+--------+--------+-----+--------+

Top non-repeatable levels by time:
     D:2: 1326 daAuts
     D:1: 1009 daAuts
     D:3: 20 daAuts
